 Dungeon Crawl Stone Soup version 0.27-a0-1525-g1038ab4fd7 (webtiles) character file.

Game seed: 3431747366286003518

5913 EatSleepCrawl the Basher (level 10, -1/89 (93) HPs)
             Began as a Minotaur Berserker on July 10, 2021.
             Was a High Priest of Trog.
             Slain by a spectral ghost moth (9 damage)
             ... called from beyond by a revenant
             ... on level 1 of the Abyss.
             The game lasted 00:21:52 (9791 turns).

EatSleepCrawl the Basher (Minotaur Berserker)       Turns: 9791, Time: 00:21:53

HP:   -1/89 (93)    AC: 14    Str: 22    XL:     10   Next: 53%
MP:   9/9           EV: 12    Int:  4    God:    Trog [*****.]
Gold: 472           SH:  0    Dex: 13    Spells: 9/9 levels left

rFire    + + .     SeeInvis .   C - +0 great mace (flame)
rCold    . . .     Faith    .   (shield currently unavailable)
rNeg     . . .     Spirit   .   d - +0 scale mail
rPois    .         Reflect  .   (helmet restricted)
rElec    .         Harm     .   (no cloak)
rCorr    .         Rampage  .   (no gloves)
Will     +++..                  x - +1 pair of boots
Stlth    ..........             (no amulet)
HPRegen  1.24/turn              b - ring of Feeptus {rF++ Will+ AC+4}
MPRegen  0.11/turn              (no ring)

@: about to teleport, strong-willed, regenerating, lightly drained
A: horns 2, retaliatory headbutt
a: Renounce Religion, Berserk, Trog's Hand, Brothers in Arms


You were on level 1 of the Abyss.
You worshipped Trog.
Trog was extremely pleased with you.
You visited 2 branches of the dungeon, and saw 10 of its levels.
You visited the Abyss 1 time.

You collected 472 gold pieces.

Inventory:

Hand Weapons
 p - a +1 vorpal flail
 C - a +0 great mace of flaming (weapon)
Missiles
 k - 3 curare-tipped darts
 r - 16 boomerangs (quivered)
 u - 3 boomerangs of dispersal
Armour
 d - a +0 scale mail (worn)
 h - a +0 plate armour
 x - a +1 pair of boots (worn)
Jewellery
 b - the ring of Feeptus (left hand) {rF++ Will+ AC+4}
   (You acquired it on level 7 of the Dungeon)

   [ring of protection]

   AC:        It affects your AC (+4).
   rF:        It greatly protects you from fire.
   Will:      It increases your willpower.
 j - a ring of ice
Wands
 l - a wand of flame (16)
 m - a wand of iceblast (17)
 w - a wand of paralysis (13)
 A - a wand of acid (22)
Scrolls
 g - 4 scrolls of teleportation
 i - 3 scrolls of enchant armour
 o - 4 scrolls of magic mapping
 y - a scroll of torment
 z - a scroll of immolation {unknown}
 D - a scroll of fear {unknown}
Potions
 c - a potion of mutation
 e - a potion of might {unknown}
 f - 2 potions of lignification
 q - a potion of haste
 s - 2 potions of attraction {unknown}
 t - a potion of magic {unknown}
 v - a potion of resistance {unknown}
 B - a potion of curing


   Skills:
 * Level 10.0 Fighting
 * Level 13.2 Maces & Flails
 + Level 8.5 Armour
 + Level 5.3 Dodging
 + Level 1.7 Stealth


You had 9 spell levels left.
You didn't know any spells.
Your spell library was empty.

Dungeon Overview and Level Annotations

Branches:
Dungeon (9/15)             Temple (1/1) D:4             Orc (0/2) D:9
   Lair: D:8-11

Altars:
Cheibriados
Gozag
Hepliaklqana
Makhleb
Nemelex Xobeh
Qazlal
Ru
Uskayaw
Wu Jian
Xom

Shops:
D:4 (


Innate Abilities, Weirdness & Mutations

You have a pair of horns on your head.
You reflexively headbutt those who attack you in melee.


Message History

The revenant conjures spectral mists around you.
The spectral mist engulfs you but does no damage.
You are engulfed in spectral mist.
The revenant conjures spectral mists around you.
The spectral mist engulfs the spectral swamp dragon but does no damage.
You hit the spectral ghost moth. You burn the spectral ghost moth.
Your headbutt misses the spectral ghost moth.
The spectral ghost moth is lightly damaged.
The spectral ghost moth hits you.
The spectral ghost moth hits you but does no damage.
The spectral ghost moth barely misses you.
You hit the spectral ghost moth but do no damage.
You headbutt the spectral ghost moth!
The spectral ghost moth is lightly damaged.
The spectral ghost moth closely misses you.
You furiously retaliate!
You headbutt the spectral ghost moth.
The spectral ghost moth hits you but does no damage. x2
You hit the spectral ghost moth but do no damage.
The spectral ghost moth is moderately damaged.
The spectral ghost moth closely misses you.
The spectral ghost moth hits you.
The spectral ghost moth barely misses you.
The spectral ghost moth hits you!
* * * LOW HITPOINT WARNING * * *
You feel drained.
* * * LOW HITPOINT WARNING * * *
The spectral ghost moth hits you!
* * * LOW HITPOINT WARNING * * *
The spectral ghost moth closely misses you.
The revenant hits you but does no damage.
The spectral ghost moth hits you but does no damage. x2
The spectral ghost moth hits you.
* * * LOW HITPOINT WARNING * * *
The revenant barely misses you.
Your skin crawls.
You feel strong-willed. The spectral ghost moth hits you.
* * * LOW HITPOINT WARNING * * *
The spectral ghost moth hits you!
You die...

.... ... ..##
....# ..# ##
####..#
#.§##...###
###°X○....# # #
#@LZx###.###..#
# ##Z#○#. .. .#
.# #°###
#.#.### .#.
.#..x##.# . ..
##. .###.X##. .
.#. #### #..
.##. #.#.
####...# # #. .
.# .# #. #..


You could see a revenant, a large abomination, a spectral swamp dragon
(summoned), a spectral ghost moth (summoned) and a small abomination.

Vanquished Creatures
  4 blink frogs (Abyss:1)
  A wyvern (D:8)
  6 yaks (D:9)
  A warg (D:9)
  A large abomination (Abyss:1)
  3 water moccasins
  5 orc warriors
  A hornet zombie (D:7)
  2 ice beasts
  2 sky beasts (D:7)
  3 ogres
  A necrophage (D:6)
  3 centaurs
  A phantom (D:6)
  5 kobold brigands
  2 bullfrogs (D:7)
  A gnoll sergeant (D:9)
  A scorpion (D:4)
  3 killer bees (D:7)
  A howler monkey (D:9)
  3 centaur zombies
  A lava snake (D:8)
  A bullfrog zombie (D:6)
  2 centaur skeletons
  2 hounds
  A gnoll shaman (D:9)
  A jelly (D:6)
  9 orc priests
  4 bullfrog skeletons
  Ijyb (D:3)
  5 orc wizards
  13 gnolls
  6 adders
  2 shadow imps
  An ufetubus (D:4)
  2 worms
  2 dart slugs
  43 orcs
  4 bats
  10 endoplasms
  15 giant cockroaches
  8 goblins
  12 hobgoblins
  2 jackals (D:4)
  8 quokkas
  10 ball pythons
  3 frilled lizards
  26 kobolds
  7 rats
251 creatures vanquished.

Vanquished Creatures (others)
  2 plants (D:3)
2 creatures vanquished.

Grand Total: 253 creatures vanquished

Notes
Turn   | Place    | Note
-------+----------+-------------------------------------------
     0 | D:1      | EatSleepCrawl the Minotaur Berserker began the quest for
                  | the Orb.
     0 | D:1      | Reached XP level 1. HP: 19/19 MP: 0/0
   140 | D:1      | Reached XP level 2. HP: 27/27 MP: 1/1
   249 | D:1      | Reached skill level 4 in Maces & Flails
   410 | D:1      | Reached ** piety under Trog
   494 | D:1      | Reached XP level 3. HP: 29/34 MP: 2/2
  1546 | D:2      | Reached skill level 5 in Maces & Flails
  1546 | D:2      | Reached XP level 4. HP: 33/41 MP: 3/3
  1715 | D:3      | Reached *** piety under Trog
  1716 | D:3      | Reached XP level 5. HP: 13/47 MP: 4/4
  2017 | D:3      | Found an ornate altar of the Wu Jian Council.
  2120 | D:3      | Noticed a fire elemental
  2128 | D:3      | HP: 2/47 [orc (5)]
  2169 | D:3      | Found a stormy altar of Qazlal.
  2171 | D:3      | Noticed a water elemental
  2172 | D:3      | Noticed an air elemental
  2301 | D:3      | Reached skill level 6 in Maces & Flails
  2353 | D:3      | Found a burning altar of Makhleb.
  2418 | D:3      | Found a sparkling altar of Nemelex Xobeh.
  2461 | D:3      | Reached skill level 5 in Fighting
  2490 | D:3      | Noticed Ijyb
  2498 | D:3      | Killed Ijyb
  2703 | D:3      | Found a faded altar of an unknown god.
  2835 | D:4      | Reached XP level 6. HP: 56/56 MP: 5/5
  2960 | D:4      | Found a staircase to the Ecumenical Temple.
  3026 | D:4      | Reached skill level 7 in Maces & Flails
  3056 | D:4      | Reached **** piety under Trog
  3755 | D:4      | Found an opulent altar of Gozag.
  3807 | D:4      | Found Kemmaas's Antique Weapon Boutique.
  3911 | D:4      | Found a hide-covered altar of Uskayaw.
  3918 | D:4      | Found a sacrificial altar of Ru.
  4305 | Temple   | Entered the Ecumenical Temple
  4330 | D:5      | Entered Level 5 of the Dungeon
  4345 | D:5      | Noticed an ice beast
  4357 | D:5      | Killed an ice beast
  4358 | D:5      | Reached XP level 7. HP: 44/62 MP: 6/6
  4583 | D:5      | Found a snail-covered altar of Cheibriados.
  4789 | D:5      | Reached skill level 1 in Stealth
  4844 | D:5      | Reached skill level 8 in Maces & Flails
  5421 | D:6      | Reached skill level 9 in Maces & Flails
  5421 | D:6      | Reached XP level 8. HP: 33/71 MP: 7/7
  5987 | D:6      | Found a hazy altar of Hepliaklqana.
  5989 | D:6      | Reached skill level 5 in Armour
  6105 | D:7      | You fall into a shaft and drop 2 floors!
  6251 | D:8      | You fall into a shaft and drop 1 floor!
  6381 | D:7      | Reached skill level 10 in Maces & Flails
  6606 | D:7      | Reached XP level 9. HP: 45/80 MP: 8/8
  6914 | D:7      | Reached skill level 11 in Maces & Flails
  6922 | D:7      | Identified a scroll of acquirement
  6927 | D:7      | Acquired the ring of Feeptus {rF++ Will+ AC+4}
  7821 | D:8      | Reached ***** piety under Trog
  8235 | D:8      | Reached skill level 12 in Maces & Flails
  8687 | D:8      | Reached skill level 5 in Dodging
  9087 | D:8      | Reached XP level 10. HP: 86/90 MP: 9/9
  9212 | D:9      | Found a staircase to the Orcish Mines.
  9405 | D:9      | Received a gift from Trog
  9483 | D:9      | Found a shimmering altar of Xom.
  9489 | D:9      | Cast into level 1 of the Abyss (crimson imp)
  9559 | Abyss:1  | Reached skill level 13 in Maces & Flails
  9655 | Abyss:1  | Reached skill level 10 in Fighting
  9662 | Abyss:1  | Noticed a starcursed mass
  9664 | Abyss:1  | Noticed an apocalypse crab
  9738 | Abyss:1  | Noticed a large abomination
  9771 | Abyss:1  | Noticed a revenant
  9785 | Abyss:1  | Noticed a spectral ghost moth
  9791 | Abyss:1  | Slain by a spectral ghost moth

Illustrated notes

Levels and vault maps discovered:
D:1:      dpeg_arrival_erosion, layout_rooms, hangedman_decor_points
D:2:      cheibrodos_pilgrimage, layout_basic, chequers_serial_rivers_small_a
D:3:      minmay_roachtagon, layout_loops_ring,
          nicolae_qazlal_style_of_elements, lightli_temple_of_fire, minitemple,
          shapermc_ecumenical_altar_hornbeckon, uniq_ijyb
D:4:      layout_layer_cave, amethyst_overflow_temple_binary,
          minmay_temple_entry_slanted, serial_shops, nicolae_diamond_shop,
          minmay_ruined_shrine
D:5:      layout_cave_pods, mainiacjoe_overflow_concentric_impassable
D:6:      layout_cave_pools, nicolae_hepliaklqana_hippocampus,
          minmay_strange_pillars
D:7:      layout_cave_pods, hangedman_abyss_or_decor_stabs,
          minmay_fractal_squares_5
D:8:      layout_rooms, serial_glass, glass_columns_a, glass_columns_c,
          chequers_serial_rivers_marsh, kennysheep_opposing_triangles
D:9:      layout_cave_pods, led_xom_imps, erik_lair_orcish_takeover,
          orc_0_dummy, minmay_joined_circles
Temple:   nicolae_temple_figure_zero
Abyss:1:  base: Temple, hangedman_relentless_pull

Skill      XL: |  1  2  3  4  5  6  7  8  9 10 |
---------------+-------------------------------+-----
Fighting       | 4 5 6 7 8 10 | 10.0
Maces & Flails | 4 5 6 7 9 10 12 13 | 13.2
Dodging        | 3 5 |  5.3
Armour         | 3 4 6 7 8 |  8.5
Stealth        | 1 |  1.7

Action                   |  1- 3 |  4- 6 |  7- 9 | 10-12 || total
-------------------------+-------+-------+-------+-------++-------
Melee: Mace              |    91 |    20 |       |       ||   111
       Headbutt          |     9 |    33 |    50 |    19 ||   111
       Morningstar       |       |    44 |       |       ||    44
       Flail             |       |    82 |   274 |    62 ||   418
       Great mace        |       |       |       |    27 ||    27
Invok: Berserk           |       |     1 |     6 |     2 ||     9
       Trog's Hand       |       |     1 |       |     1 ||     2
       Brothers in Arms  |       |       |       |     1 ||     1
  Use: Potion            |       |     3 |     5 |       ||     8
       Scroll            |       |     2 |     7 |     6 ||    15
 Stab: Sleeping          |     3 |       |       |       ||     3
Armor: Animal skin       |    15 |     2 |       |       ||    17
       Scale mail        |       |    44 |   141 |    39 ||   224
       Skin              |       |       |     3 |       ||     3
Dodge: Dodged            |    53 |    76 |   165 |    49 ||   343

Table legend: (Time is in decaauts)
 A = Elapsed time spent in this place.
 B = Non-inter-level travel time spent in this place.
 C = Inter-level travel time spent in this place.
 D = Time resting spent in this place.
 E = Time spent auto-exploring this place.
 F = Levels seen in this place.
 G = Mean time per level.
                   A        B        C        D        E       F      G
               +--------+--------+--------+--------+--------+-----+--------+
         Total |   9864 |   9618 |    246 |    609 |   7560 |  11 |  896.7 |
       Dungeon |   9553 |   9307 |    246 |    467 |   7519 |   9 | 1061.4 |
        Temple |      1 |      1 |      0 |      0 |      0 |   1 |    1.0 |
         Abyss |    309 |    309 |      0 |    142 |     41 |   1 |  309.0 |
               +--------+--------+--------+--------+--------+-----+--------+

Top non-repeatable levels by time:
     D:8: 1557 daAuts
     D:4: 1539 daAuts
     D:7: 1267 daAuts
     D:3: 1180 daAuts
     D:6: 1144 daAuts
     D:1: 831 daAuts
     D:2: 821 daAuts
     D:5: 785 daAuts
     D:9: 426 daAuts
 Abyss:1: 309 daAuts
  Temple: 1 daAuts
